 Dungeon Crawl Stone Soup version 0.30-a0-583-g19bae12e61 (webtiles) character file.

Game seed: 13543811394600952467

53 Citaku the Sneak (level 3, -1/29 HPs)
             Began as a Demonspawn Delver on Jan 1, 2023.
             Succumbed to a scorpion's poison
             ... on level 5 of the Dungeon.
             The game lasted 00:03:25 (446 turns).

Citaku the Sneak (Demonspawn Delver)                 Turns: 446, Time: 00:03:25

Health: -1/29      AC:  3    Str: 14    XL:     3   Next: 64%
Magic:  3/3        EV: 12    Int: 11    God:
Gold:   37         SH:  0    Dex: 14    Spells: 2/2 levels left

rFire   . . .      SeeInvis .    f - +0 rapier
rCold   . . .      Faith    .    (no shield)
rNeg    . . .      Spirit   .    b - +0 leather armour
rPois   .          Reflect  .    (helmet restricted)
rElec   .          Harm     .    (no cloak)
rCorr   .          Rampage  .    (no gloves)
Will    .....                    (no boots)
Stlth   +++                      (no amulet)
HPRegen 0.24/turn                (no ring)
MPRegen 0.08/turn                (no ring)

@: lethally poisoned (-1 -> -12)
A: claws 1, horns 1
a: no special abilities


You were on level 5 of the Dungeon.
You visited 1 branch of the dungeon, and saw 1 of its levels.

You collected 37 gold pieces.

Inventory:

Hand Weapons
 a - a +0 falchion
 f - a +0 rapier (weapon)
Armour
 b - a +0 leather armour (worn)
 h - a +0 leather armour
Wands
 g - a wand of digging (3)
Scrolls
 c - a scroll of fog
 e - 3 scrolls of fear
Potions
 d - a potion of curing


   Skills:
 + Level 3.3 Fighting
 + Level 0.2(1.2) Short Blades
 + Level 2.0 Long Blades
 + Level 0.2 Armour
 + Level 1.9 Dodging
 + Level 5.3 Stealth


You had 2 spell levels left.
You didn't know any spells.
Your spell library contained the following spells:

 Spells                   Type           Power      Damage    Failure   Level
 Slow                     Hex            0%         N/A       41%         1
 Confusing Touch          Hex            0%         N/A       80%         3
 Vampiric Draining        Necr           0%         2d6       80%         3


Dungeon Overview and Level Annotations

Branches:
Dungeon (5/15)
 Temple: D:4-7

Altars:


Innate Abilities, Weirdness & Mutations

You have sharp fingernails.
You have a pair of small horns on your head.


Message History

The hound is heavily wounded.
The hound bites you.
* * * LOW HITPOINT WARNING * * *
The hound misses you.
You hit the hound.
The hound is severely wounded.
The hound bites you.
* * * LOW HITPOINT WARNING * * *
You hit the hound.
The hound is severely wounded.
The hound barely misses you. The hound bites you.
* * * LOW HITPOINT WARNING * * *
You hit the hound.
The hound is almost dead.
The hound barely misses you. The hound bites you but does no damage.
You closely miss the hound. You headbutt the hound.
You kill the hound!
Your Long Blades skill increases to level 2!
You have reached level 3!
Your experience leads to an increase in your attributes!
Increase (S)trength, (I)ntelligence, or (D)exterity?
You feel stronger. x2; Your demonic ancestry asserts itself...
Your fingernails lengthen.
You start resting.
You start to feel less resistant.
You start resting.
Your resistance to elements expires.
You start resting.
A scorpion comes into view.
The scorpion misses you. The scorpion stings you.
You are poisoned.
The scorpion poisons you! The scorpion attacks as you move away!
The scorpion stings you.
* * * LOW HITPOINT WARNING * * *
You are more poisoned.
The scorpion poisons you!
* * * LOW HITPOINT WARNING * * *
You feel very sick.
You die...

,,#...#* ********* ,,,*#..##
#.......# .#,**#..#
#.......# .#.* ##.#
#.......# .#.* #.# #.......#
...#* #.# #.......# #...*
#.# ####.......#####
#...###.#####.............$#
###..##....##.##@.s........#
.##.....##..#.##...........#
.#.>.......................#
.....##.##..........###....#
##...##....##.......>....(.#
.....###....#......####....#
.....................#*,...#
#.#########.......##.#*,...#
..# #.......#*.#*,,..#


You could see a scorpion.

Vanquished Creatures
  A hound (D:5)
  An iguana (D:5)
2 creatures vanquished.

Notes
Turn   | Place    | Note
-------+----------+-------------------------------------------
     0 | D:5      | Citaku the Demonspawn Delver began the quest for the Orb.
     0 | D:5      | Reached XP level 1. HP: 18/18 MP: 1/1
    10 | D:5      | Noticed an iguana
    41 | D:5      | Killed an iguana
    42 | D:5      | Reached skill level 5 in Stealth
    42 | D:5      | Discovered your monstrous ancestry.
    42 | D:5      | Gained mutation: You have a pair of small horns on your
                  | head. [demonic ancestry]
    42 | D:5      | Reached XP level 2. HP: 6/24 MP: 2/2
   308 | D:5      | Noticed an ice beast
   418 | D:5      | Gained mutation: You have sharp fingernails. [demonic
                  | ancestry]
   418 | D:5      | Reached XP level 3. HP: 6/29 MP: 3/3
   439 | D:5      | Noticed a scorpion
   446 | D:5      | Succumbed to a scorpion's poison

Illustrated notes

Levels and vault maps discovered:
D:5:      layout_rooms, columned_hall_lemuel

Skill      XL: |  1  2 |
---------------+-------+-----
Stealth        | 5 |  5.3
Long Blades    | 2 |  2.0
Fighting       | |  3.3
Short Blades   | |  0.2
Armour         | |  0.2
Dodging        | |  1.9

Action                   || total
-------------------------++-------
Melee: Falchion          ||    13
       Rapier            ||     9
       Headbutt          ||     2
  Use: Potion            ||     4
       Scroll            ||     2
Armor: Leather armour    ||     3
Dodge: Dodged            ||    13

Table legend: (Time is in decaauts)
 A = Elapsed time spent in this place.
 B = Non-inter-level travel time spent in this place.
 C = Inter-level travel time spent in this place.
 D = Time resting spent in this place.
 E = Time spent auto-exploring this place.
 F = Levels seen in this place.
 G = Mean time per level.
                   A        B        C        D        E       F      G
               +--------+--------+--------+--------+--------+-----+--------+
         Total |    432 |    432 |      0 |     90 |      0 |   1 |  432.0 |
       Dungeon |    432 |    432 |      0 |     90 |      0 |   1 |  432.0 |
               +--------+--------+--------+--------+--------+-----+--------+

Top non-repeatable levels by time:
     D:5: 432 daAuts
